 Dungeon Crawl Stone Soup version 0.29.1-15-g9cfb28693d (webtiles) character file.

Game seed: 3700582056353660060

368 croobank the Chiller (level 6, -2/44 HPs)
             Began as a Gnoll Ice Elementalist on Apr 25, 2023.
             Slain by an ogre
             ... wielding a +0 giant club
              (20 damage)
             ... on level 5 of the Dungeon.
             The game lasted 00:11:20 (4430 turns).

croobank the Chiller (Gnoll Ice Elementalist)       Turns: 4430, Time: 00:11:21

Health: -2/44      AC: 11    Str:  7    XL:     6   Next: 69%
Magic:  7/14       EV: 14    Int: 16    God:
Gold:   218        SH:  0    Dex: 13    Spells: 8/15 levels left

rFire   + . .      SeeInvis .   j - +0 short sword
rCold   + . .      Faith    .   (no shield)
rNeg    . . .      Spirit   .   c - +1 robe {Will+}
rPois   .          Reflect  .   (no helmet)
rElec   .          Harm     .   a - scarf {rC+ rF+}
rCorr   .          Rampage  .   m - +0 pair of gloves
Will    +....                   (no boots)
Stlth   +++.......              i - amulet of regeneration
HPRegen 0.94/turn               (no ring)
MPRegen 0.14/turn               (no ring)

@: lethally poisoned (-2 -> -3), ice-armoured
A: fangs 1, strong nose, distributed training
a: no special abilities


You were on level 5 of the Dungeon.
You visited 1 branch of the dungeon, and saw 5 of its levels.

You collected 218 gold pieces.

Inventory:

Hand Weapons
 j - a +0 short sword (weapon)
 n - a +0 falchion
 o - a +0 war axe
 p - a +4 quarterstaff of chaos
 w - a +0 dagger of electrocution
Missiles
 d - 5 poisoned darts
 f - a throwing net
Armour
 a - a scarf of resistance (worn)
 c - a +1 robe of willpower (worn)
 m - a +0 pair of gloves (worn)
Magical Staves
 l - a staff of poison
Jewellery
 i - an amulet of regeneration (around neck)
 q - a ring of positive energy
Scrolls
 r - a scroll of noise
 s - a scroll of butterflies {unknown}
 u - a scroll of amnesia {unknown}
 v - 3 scrolls of identify {unknown}
 y - a scroll of vulnerability {unknown}
 A - a scroll of enchant weapon {unknown}
Potions
 b - a potion of magic
 e - 3 potions of curing
 g - a potion of berserk rage {unknown}
 h - a potion of attraction {unknown}
 k - a potion of invisibility {unknown}
 t - a potion of haste {unknown}
 x - a potion of brilliance {unknown}
 z - a potion of resistance {unknown}


   Skills:
 + Level 2.1 Fighting
 + Level 2.1 Short Blades
 + Level 2.1 Long Blades
 + Level 2.1 Axes
 + Level 2.1 Maces & Flails
 + Level 2.1 Polearms
 + Level 2.1 Staves
 + Level 2.1 Ranged Weapons
 + Level 2.1 Throwing
 + Level 2.1 Armour
 + Level 5.1 Dodging
 + Level 4.7 Stealth
 + Level 2.1 Shields
 + Level 2.1 Unarmed Combat
 + Level 5.4 Spellcasting
 + Level 1.7 Conjurations
 + Level 1.7 Hexes
 + Level 1.7 Summonings
 + Level 1.7 Necromancy
 + Level 1.7 Translocations
 + Level 1.7 Transmutations
 + Level 1.7 Fire Magic
 + Level 7.3 Ice Magic
 + Level 1.7 Air Magic
 + Level 1.7 Earth Magic
 + Level 1.7 Poison Magic
 + Level 2.4 Invocations
 + Level 2.1 Evocations


You had 8 spell levels left.
You knew the following spells:

 Your Spells              Type           Power      Damage    Failure   Level
a - Freeze                Ice            100%       1d11      1%          1
b - Frozen Ramparts       Ice            54%        1d9       2%          3
c - Ozocubu's Armour      Ice            27%        N/A       2%          3

Your spell library contained the following spells:

 Spells                   Type           Power      Damage    Failure   Level
 Portal Projectile        Hex/Tloc       18%        N/A       22%         3
 Tukima's Dance           Hex            9%         N/A       22%         3
 Hailstorm                Conj/Ice       18%        3d6       22%         4
 Blade Hands              Tmut           4%         N/A       89%         5
 Summon Forest            Summ/Tloc      4%         N/A       89%         5
 Summon Mana Viper        Hex/Summ       9%         N/A       89%         5
 Summon Cactus Giant      Summ           4%         N/A       100%        6


Dungeon Overview and Level Annotations

Branches:
Dungeon (5/15)             Temple (0/1) D:4

Altars:
Uskayaw
The Shining One

Annotations:
D:3 3 runed translucent doors, Taurus's ghost, amateur MiFi
D:4 1 runed translucent door, DemonSlayer's ghost, amateur DsEE


Innate Abilities, Weirdness & Mutations

You have very sharp teeth.
Your uncanny sense of smell can sniff out nearby items.
Your experience applies equally to all skills.


Message History

The scorpion stings you but does no damage.
You barely miss the scorpion.
The scorpion is moderately wounded.
The wall freezes the scorpion but does no damage.
The scorpion stings you but does no damage.
You closely miss the scorpion.
You bite the scorpion, but do no damage.
The scorpion is moderately wounded.
The wall freezes the scorpion but does no damage.
The scorpion barely misses you.
You hit the scorpion but do no damage. Your bite misses the scorpion.
The scorpion is moderately wounded.
The wall freezes the scorpion.
The scorpion stings you.
The wall freezes the scorpion but does no damage.
The scorpion stings you but does no damage.
The wall freezes the ogre.
You completely miss the scorpion.
The scorpion is moderately wounded.
The wall freezes the scorpion.
The scorpion stings you.
You are poisoned.
The scorpion poisons you!
The wall freezes the ogre!
The ogre hits you with a +0 giant club!
Casting: Frozen Ramparts (dangerous; 2% risk of failure)
Confirm with . or Enter, or press ? or * to list all spells.
Aiming: Freeze (safe; 1% risk of failure)
Press: ? - help, Shift-Dir - straight line, f - ogre
Aim: an ogre, wielding a +0 giant club (heavily wounded)
You freeze the ogre.
The ogre is heavily wounded.
You feel sick.
The wall freezes the scorpion.
The scorpion stings you.
Casting: Freeze (safe; 1% risk of failure)
Confirm with . or Enter, or press ? or * to list all spells.
Aiming: Freeze (safe; 1% risk of failure)
Press: ? - help, Shift-Dir - straight line, f/p - ogre
Aim: an ogre, wielding a +0 giant club (heavily wounded)
You freeze the ogre!
The ogre is almost dead.
The frozen ramparts melt away.
You feel sick. The scorpion barely misses you.
The ogre hits you with a +0 giant club!!
You die...

#######.....###..#
#....## ##.###
.....# #...##
...### ###..# # .#
#+#..##.# #. +.'.
#.# #.. #.# ##.#
#...###.#.###..#
#...s@O.#.....##
#..###.###...##
##..........##
####.!.....#
#########


You could see an ogre and a scorpion.

Vanquished Creatures
  Crazy Yiuf (D:2)
  A jelly (D:4)
  A hound (D:4)
  3 iguanas
  Terence (D:2)
  9 adders
  3 gnolls (D:4)
  A dart slug (D:1)
  7 orcs
  3 endoplasms (D:3)
  5 giant cockroaches
  4 goblins
  8 hobgoblins
  3 jackals (D:2)
  8 ball pythons
  4 bats
  6 kobolds
  A rat (D:1)
69 creatures vanquished.

Vanquished Creatures (collateral kills)
  A ball python (D:4)
1 creature vanquished.

Grand Total: 70 creatures vanquished

Notes
Turn   | Place    | Note
-------+----------+-------------------------------------------
     0 | D:1      | croobank the Gnoll Ice Elementalist began the quest for the
                  | Orb.
     0 | D:1      | Reached XP level 1. HP: 13/13 MP: 6/6
   427 | D:1      | Reached XP level 2. HP: 16/19 MP: 4/7
   955 | D:2      | Reached skill level 5 in Spellcasting
   955 | D:2      | Reached XP level 3. HP: 22/25 MP: 5/9
   959 | D:2      | Learned a level 3 spell: Frozen Ramparts
   978 | D:2      | Reached skill level 1 in Invocations
  1005 | D:2      | Noticed Terence
  1062 | D:2      | Killed Terence
  1063 | D:2      | Reached skill level 1 in Fighting
  1063 | D:2      | Reached skill level 1 in Short Blades
  1063 | D:2      | Reached skill level 1 in Long Blades
  1063 | D:2      | Reached skill level 1 in Axes
  1063 | D:2      | Reached skill level 1 in Maces & Flails
  1063 | D:2      | Reached skill level 1 in Polearms
  1063 | D:2      | Reached skill level 1 in Staves
  1063 | D:2      | Reached skill level 1 in Ranged Weapons
  1063 | D:2      | Reached skill level 1 in Throwing
  1063 | D:2      | Reached skill level 1 in Armour
  1063 | D:2      | Reached skill level 1 in Shields
  1063 | D:2      | Reached skill level 1 in Unarmed Combat
  1063 | D:2      | Reached skill level 1 in Evocations
  1063 | D:2      | Reached XP level 4. HP: 19/32 MP: 3/11
  1130 | D:2      | Learned a level 3 spell: Ozocubu's Armour
  1707 | D:2      | Found a runed translucent door.
  1708 | D:2      | Noticed Crazy Yiuf
  1715 | D:2      | Killed Crazy Yiuf
  1716 | D:2      | Reached skill level 1 in Conjurations
  1716 | D:2      | Reached skill level 1 in Hexes
  1716 | D:2      | Reached skill level 1 in Summonings
  1716 | D:2      | Reached skill level 1 in Necromancy
  1716 | D:2      | Reached skill level 1 in Translocations
  1716 | D:2      | Reached skill level 1 in Transmutations
  1716 | D:2      | Reached skill level 1 in Fire Magic
  1716 | D:2      | Reached skill level 1 in Air Magic
  1716 | D:2      | Reached skill level 1 in Earth Magic
  1716 | D:2      | Reached skill level 1 in Poison Magic
  1872 | D:2      | Reached XP level 5. HP: 34/37 MP: 8/12
  2123 | D:3      | Found a glowing golden altar of the Shining One.
  2600 | D:3      | Found a runed translucent gate.
  2600 | D:3      | Found a runed translucent gate.
  2600 | D:3      | Found a runed translucent gate.
  3095 | D:3      | Noticed Taurus's ghost (amateur MiFi)
  3536 | D:4      | Found a runed translucent door.
  3543 | D:4      | Noticed DemonSlayer's ghost (amateur DsEE)
  3550 | D:4      | Reached XP level 6. HP: 42/44 MP: 7/13
  3562 | D:4      | Reached skill level 5 in Dodging
  4045 | D:4      | Found a staircase to the Ecumenical Temple.
  4216 | D:4      | Found a hide-covered altar of Uskayaw.
  4372 | D:5      | Entered Level 5 of the Dungeon
  4430 | D:5      | Slain by an ogre

Illustrated notes

Levels and vault maps discovered:
D:1:      amcnicky_arrival_gap_in_the_tavern_cellar, layout_basic,
          kennysheep_small_spiral
D:2:      layout_basic, uniq_crazy_yiuf_cottage, uniq_terence
D:3:      layout_basic, tso_metal_star, gammafunk_ghost_icy,
          chequers_decorated_corner, minmay_pentangle
D:4:      layout_basic, nicolae_uskayaw_suspiria,
          minmay_temple_entry_nine_rooms, ebering_ghost_sewer_d,
          dk_noncrumbling_3
D:5:      layout_basic, nemelex_dance_club_becter, old_standard_altar,
          mainiacjoe_overflow_24_doors

Skill      XL: |  1  2  3  4  5  6 |
---------------+-------------------+-----
Spellcasting   | 5 |  5.4
Invocations    | 1 2 |  2.4
Fighting       | 1 2 |  2.1
Short Blades   | 1 2 |  2.1
Long Blades    | 1 2 |  2.1
Axes           | 1 2 |  2.1
Maces & Flails | 1 2 |  2.1
Polearms       | 1 2 |  2.1
Staves         | 1 2 |  2.1
Ranged Weapons | 1 2 |  2.1
Throwing       | 1 2 |  2.1
Armour         | 1 2 |  2.1
Shields        | 1 2 |  2.1
Unarmed Combat | 1 2 |  2.1
Evocations     | 1 2 |  2.1
Conjurations   | 1 |  1.7
Hexes          | 1 |  1.7
Summonings     | 1 |  1.7
Necromancy     | 1 |  1.7
Translocations | 1 |  1.7
Transmutations | 1 |  1.7
Fire Magic     | 1 |  1.7
Air Magic      | 1 |  1.7
Earth Magic    | 1 |  1.7
Poison Magic   | 1 |  1.7
Dodging        | 5 |  5.1
Stealth        | |  4.7
Ice Magic      | |  7.3

Action                   |  1- 3 |  4- 6 || total
-------------------------+-------+-------++-------
Melee: Unarmed           |     2 |       ||     2
       Short sword       |     2 |    54 ||    56
       Bite              |       |     5 ||     5
 Cast: Freeze            |    26 |    33 ||    59
       Frozen Ramparts   |     3 |    22 ||    25
       Ozocubu's Armour  |       |    15 ||    15
  Use: Scroll            |       |     2 ||     2
 Stab: Sleeping          |     1 |     3 ||     4
Armor: Robe              |     5 |    32 ||    37
Dodge: Dodged            |    12 |    58 ||    70
